 Dungeon Crawl Stone Soup version 0.30.0 (webtiles) character file.

Game seed: 2193577967326077397

107 slambob the Sneak (level 4, -2/23 HPs)
             Began as a Spriggan Brigand on Jan 14, 2024.
             Killed by divine providence
             ... invoked by an orc priest
              (9 damage)
             ... on level 4 of the Dungeon.
             The game lasted 00:14:14 (1852 turns).

slambob the Sneak (Spriggan Brigand)                Turns: 1852, Time: 00:14:15

Health: -2/23      AC:  3    Str:  9    XL:     4   Next: 56%
Magic:  5/5        EV: 17    Int: 12    God:
Gold:   194        SH:  0    Dex: 16    Spells: 3/3 levels left

rFire   . . .        a - +2 dagger
rCold   . . .        (no shield)
rNeg    . . .        b - +0 robe
rPois   .            (helmet restricted)
rElec   .            c - +0 cloak
rCorr   .            (gloves unavailable)
SInv    +            (boots unavailable)
Will    .....        (no amulet)
Stlth   ++++         (no ring)
HPRegen 0.23/turn    (no ring)
MPRegen 0.09/turn

%: no passive effects
@: very quick
A: very small, no large weapons, unfitting armour, see invisible, speed 3
a: no special abilities


You were on level 4 of the Dungeon.
You visited 1 branch of the dungeon, and saw 5 of its levels.

You collected 194 gold pieces.

Inventory:

Hand Weapons
 a - a +2 dagger (weapon)
 g - a +0 sling
Missiles
 d - a poisoned dart (quivered)
 e - 3 curare-tipped darts
 j - 5 atropa-tipped darts
Armour
 b - a +0 robe (worn)
 c - a +0 cloak (worn)
Scrolls
 k - a scroll of identify
 l - a scroll of poison {unknown}
 n - a scroll of enchant armour {unknown}
 p - a scroll of teleportation
 r - a scroll of silence {unknown}
Potions
 f - a potion of haste
 i - a potion of cancellation
 m - a potion of attraction {unknown}
 o - a potion of flight {unknown}
 q - a potion of brilliance {unknown}


   Skills:
 + Level 2.0 Fighting
 + Level 3.4 Short Blades
 + Level 2.4 Throwing
 + Level 2.3 Dodging
 + Level 7.1 Stealth


You had 3 spell levels left.
You didn't know any spells.
Your spell library contained the following spells:

 Spells                   Type           Power      Damage    Failure   Level
 Blink                    Tloc           0%         N/A       45%         2
 Lesser Beckoning         Tloc           0%         N/A       45%         2
 Momentum Strike          Conj/Tloc      0%         3d8       45%         2
 Dazzling Flash           Conj/Hex       0%         N/A       69%         3
 Hailstorm                Conj/Ice       0%         3d3       69%         3
 Ozocubu's Armour         Ice            0%         N/A       69%         3
 Volatile Blastmotes      Fire/Tloc      0%         2d10      69%         3
 Ice Form                 Ice/Tmut       0%         N/A       97%         4
 Iskenderun's Mystic Bla  Conj/Tloc      0%         2d3       97%         4
 Metabolic Englaciation   Hex/Ice        0%         N/A       100%        5
 Simulacrum               Ice/Necr       0%         N/A       100%        6
 Starburst                Conj/Fire      0%         6d3       100%        6


Dungeon Overview and Level Annotations

Branches:
Dungeon (5/15)
 Temple: D:4-7

Altars:
Makhleb
Qazlal
Wu Jian

Shops:
D:5 =

Portals:
Ossuary: D:4

Annotations:
D:5 Prince Ribbit


Innate Abilities, Weirdness & Mutations

You are very small and have problems with some larger weapons.
You are too small for most types of armour.
You have supernaturally acute eyesight. (SInv)
You cover ground extremely quickly. (Speed+++)


Message History

The endoplasm is almost dead.
The endoplasm freezes you.
You are frozen.
You hit the endoplasm but do no damage.
The endoplasm is almost dead.
The endoplasm closely misses you.
You hit the endoplasm.
You kill the endoplasm!
You start resting.
HP restored.
You hear the hiss of a very distant avalanche of sand.
You now have 194 gold pieces (gained 13).
A kobold comes into view.
It is wielding a +0 short sword. 2 orc priests and an orc come into view.
Throw: 4 darts (poison)
Press: ? - help, Q - select action, (/) - cycle Shift-Dir - straight line, f - orc priest
Aim: an orc priest, wielding a +0 flail and wearing a +0 chain mail (wandering, hasn't noticed you, 69% to hit)
You throw a poisoned dart.
The poisoned dart closely misses the orc priest.
The orc priest shouts! x2; The orc shouts!
Throw: 3 darts (poison)
Press: ? - help, Q - select action, (/) - cycle Shift-Dir - straight line, f/p - orc priest
Aim: an orc priest, wielding a +0 flail and wearing a +0 chain mail (69% to hit)
You throw a poisoned dart. The poisoned dart hits the orc priest.
The orc priest is poisoned.
You hear the hiss of a very distant avalanche of sand.
The kobold shouts!
Throw: 2 darts (poison)
Press: ? - help, Q - select action, (/) - cycle Shift-Dir - straight line, f - orc priest, p - orc priest
Aim: an orc priest, wielding a +0 war axe and wearing a +0 chain mail (69% to hit)
You throw a poisoned dart.
The poisoned dart barely misses the orc priest.
The kobold throws a stone.
The stone hits you but does no damage.
The orc priest invokes the aid of Beogh against you.
Beogh smites you!
Ouch! That really hurt!
You hear a shout!
The orc priest invokes the aid of Beogh against you.
Beogh smites you!
You die...

#.# ##....# #.#
#########.##### #.#
..o............ #.#
..(####.###..## #.#
o.(####.#.....# ########
#.# ..o##<..#.....#
#......###.#
...#########..#
#.####.#...###...# ....
#.# #.#.#..@...# #..#
#####.####.#.#.####......
#..# #........#.....#
..... #..#
#.###.##.#.#.### .... .
......##...#.# ...
##########.#.# '###+###+#
###...#.# .......#.
#.......# .......#.
#.#.....# ##+###'.


You could see an orc priest (poisoned).

Vanquished Creatures
  A hound (D:4)
  An iguana (D:5)
  A dart slug (D:4)
  2 orcs (D:3)
  7 ball pythons
  2 bats (D:1)
  An endoplasm (D:4)
  2 giant cockroaches
  4 goblins
  3 hobgoblins (D:1)
  5 jackals
  9 kobolds
  4 frilled lizards
  A rat (D:1)
43 creatures vanquished.

Notes
Turn   | Place    | Note
-------+----------+-------------------------------------------
     0 | D:1      | slambob the Spriggan Brigand began the quest for the Orb.
     0 | D:1      | Reached XP level 1. HP: 10/10 MP: 2/2
   126 | D:1      | Reached skill level 6 in Stealth
   189 | D:1      | Reached XP level 2. HP: 15/15 MP: 3/3
   838 | D:2      | Reached XP level 3. HP: 18/18 MP: 4/4
  1214 | D:3      | Found an ornate altar of the Wu Jian Council.
  1225 | D:3      | Found a stormy altar of Qazlal.
  1334 | D:5      | Entered Level 5 of the Dungeon
  1334 | D:5      | Found Nirhom's Jewellery Shoppe.
  1355 | D:5      | Reached XP level 4. HP: 8/23 MP: 5/5
  1360 | D:5      | Noticed Prince Ribbit
  1361 | D:5      | Noticed an ice beast
  1526 | D:4      | Found a burning altar of Makhleb.
  1547 | D:4      | Found a sand-covered staircase.
  1577 | D:4      | Reached skill level 7 in Stealth
  1852 | D:4      | Killed from afar by an orc priest

Illustrated notes

Levels and vault maps discovered:
D:1:      dpeg_arrival_central, layout_basic, st_stairs_5
D:2:      layout_basic, minmay_pentomino_r2, uniq_crazy_yiuf_cottage
D:3:      layout_rooms, kiku_gazebo_pond_becter, nicolae_overflow_hidden_temple
D:4:      layout_basic, mainiacjoe_overflow_24_doors,
          nicolae_ossuary_entry_false_entrances
D:5:      layout_cave_pools, serial_shops, shop, shop, nicolae_take_the_stairs,
          guppyfry_early_orc_mine, uniq_prince_ribbit1

Skill      XL: |  1  2  3  4 |
---------------+-------------+-----
Stealth        | 6 7 |  7.1
Short Blades   | 3 |  3.4
Fighting       | 2 |  2.0
Dodging        | 2 |  2.3
Throwing       | |  2.4

Action                     |  1- 3 |  4- 6 || total
---------------------------+-------+-------++-------
  Melee: Dagger            |   120 |    27 ||   147
         Punch             |       |     1 ||     1
  Throw: Dart              |    17 |     3 ||    20
    Use: Scroll            |     4 |       ||     4
         Potion            |     4 |       ||     4
   Stab: Sleeping          |     4 |       ||     4
         Distracted        |     1 |       ||     1
 Armour: Robe              |     9 |     4 ||    13
  Dodge: Dodged            |    81 |    21 ||   102
